 Dungeon Crawl Stone Soup version 0.29.1-1-gd02db6906a (webtiles) character file.

Game seed: 3175266665552006230

3070 sizableburger the Thaumaturge (level 9, -7/57 HPs)
             Began as a Mummy Earth Elementalist on Sept 29, 2022.
             Was a Believer of Vehumet.
             Killed from afar by an acid dragon (23 damage)
             ... with a splash of acid
             ... on level 8 of the Dungeon.
             The game lasted 00:21:21 (8240 turns).

sizableburger the Thaumaturge (MuEE)                Turns: 8240, Time: 00:21:22

Health: -7/57      AC: 19    Str: 11    XL:     9   Next: 58%
Magic:  10/21      EV: 12    Int: 18    God:    Vehumet [**....]
Gold:   352        SH:  0    Dex: 13    Spells: 4/25 levels left

rFire   x . .      SeeInvis .   f - staff of poison
rCold   + . .      Faith    .   (no shield)
rNeg    + + +      Spirit   .   x - +0 steam dragon scales
rPois   ∞          Reflect  .   h - +2 helmet
rElec   .          Harm     .   q - +1 cloak
rCorr   .          Rampage  .   (no gloves)
Will    ++...                   u - +0 pair of boots "Dythroso" {Will+}
Stlth   ++........              (no amulet)
HPRegen 0.19/turn               l - +4 ring of protection
MPRegen 0.17/turn               c - +4 ring of protection

@: about to teleport
A: cold resistance 1, negative energy resistance 3, torment resistance 2, heat
vulnerability 1, in touch with death 1, no potions
a: Renounce Religion


You were on level 8 of the Dungeon.
You worshipped Vehumet.
Vehumet was pleased with you.
You visited 1 branch of the dungeon, and saw 8 of its levels.

You collected 352 gold pieces.

Inventory:

Hand Weapons
 m - a +1 war axe of electrocution
Missiles
 d - 13 poisoned darts
 j - 2 throwing nets
Armour
 a - a +0 robe
 h - a +2 helmet (worn)
 q - a +1 cloak (worn)
 u - the +0 pair of boots "Dythroso" (worn) {Will+}
   (You found it on level 6 of the Dungeon)

   Will:      It increases your willpower.
 x - +0 steam dragon scales (worn)
Magical Staves
 f - a staff of poison (weapon)
 r - a staff of earth
Jewellery
 c - a +4 ring of protection (right hand)
 e - a +4 ring of protection
 i - a ring of ice
 k - the ring of Goengih {rPois Dex+5}
   (You found it on level 5 of the Dungeon)

   [ring of poison resistance]

   Dex:       It affects your dexterity (+5).
   rPois:     It protects you from poison.
 l - a +4 ring of protection (left hand)
 n - a +6 ring of dexterity
 v - a ring of ice
Wands
 s - a wand of mindburst (14)
 y - a wand of roots (8)
Scrolls
 b - 3 scrolls of identify
 g - 3 scrolls of teleportation
 o - a scroll of magic mapping
 p - 2 scrolls of noise
 t - a scroll of enchant weapon


   Skills:
 - Level 3.9 Axes
 - Level 1.5 Dodging
 - Level 1.5 Stealth
 + Level 8.7 Spellcasting
 + Level 4.2 Conjurations
 - Level 2.2 Transmutations
 - Level 2.0 Fire Magic
 + Level 4.6 Air Magic
 - Level 4.0 Earth Magic
 - Level 3.1 Poison Magic


You had 4 spell levels left.
You knew the following spells:

 Your Spells              Type           Power      Damage    Failure   Level
a - Sandblast             Erth           44%        2d11      1%          1
b - Stone Arrow           Conj/Erth      44%        3d9       4%          3
c - Shock                 Conj/Air       92%        1d8       1%          1
d - Swiftness             Air            24%        N/A       4%          3
e - Mephitic Cloud        Conj/Pois/Air  33%        N/A       5%          3
f - Ignite Poison         Fire/Tmut/Pois 25%        N/A       10%         3
g - Poisonous Vapours     Pois/Air       64%        N/A       2%          2
h - Lightning Bolt        Conj/Air       11%        1d24      38%         5

Your spell library contained the following spells:

 Spells                   Type           Power      Damage    Failure   Level
 Magic Dart               Conj           88%        1d7       1%          1
 Static Discharge         Conj/Air       23%        3-6/arc   2%          2
 Passwall                 Tmut/Erth      15%        N/A       3%          2
 Scorch                   Fire           30%        2d7       6%          2
 Summon Small Mammal      Summ           28%        N/A       9%          1
 Ensorcelled Hibernation  Hex/Ice        14%        N/A       14%         2
 Call Canine Familiar     Summ           7%         N/A       26%         3
 Summon Guardian Golem    Hex/Summ       7%         N/A       26%         3
 Flame Wave               Conj/Fire      19%        2d7       26%         4
 Petrify                  Tmut/Erth      19%        N/A       26%         4
 Corpse Rot               Necr/Pois/Air  38%        N/A       30%         4
 Freezing Cloud           Conj/Ice/Air   9%         6-21      58%         5
 Summon Cactus Giant      Summ           3%         N/A       100%        6
 Maxwell's Capacitive Co  Air            12%        ∞         100%        8


Dungeon Overview and Level Annotations

Branches:
Dungeon (8/15)             Temple (0/1) D:4
   Lair: D:8-11

Altars:
Hepliaklqana
Vehumet
Wu Jian

Shops:
D:6 *


Innate Abilities, Weirdness & Mutations

You are immune to poison.
Your flesh is cold resistant. (rC+)
You are immune to negative energy. (rN+++)
You are immune to unholy pain and torment.
You are vulnerable to heat. (rF-)
You are in touch with the powers of death.
You do not drink.


Message History

Casting: Sandblast (safe; 1% risk of failure)
Confirm with . or Enter, or press ? or * to list all spells.
Aiming: Sandblast (safe; 1% risk of failure)
Press: ? - help, Shift-Dir - straight line, f - bullfrog
Aim: a bullfrog (79% to hit)
Okay, then.
Casting: Sandblast (safe; 1% risk of failure)
Confirm with . or Enter, or press ? or * to list all spells.
Aiming: Mephitic Cloud (dangerous; 5% risk of failure)
Press: ? - help, Shift-Dir - straight line You feel a surge of power!
The ball explodes into a vile cloud!
The stinking cloud engulfs the acid dragon but does no damage.
You hear a shout! x2; You hear a howl!
You hear a shout! x2
The bullfrog hits you.
The water moccasin bites you but does no damage.
The acid dragon spits acid at you. The splash of acid hits you!!
You hear a shout!
Unknown command.
Unknown command.
The bullfrog hits you but does no damage. x2
The water moccasin bites you but does no damage.
The killer bee barely misses you. The bullfrog attacks as you move away!
The bullfrog hits you. The killer bee misses you. The killer bee stings you.
* * * LOW HITPOINT WARNING * * *
There is a stone staircase leading up here.
Unknown command.
You can't drink.
Blink to where?
Press: ? - help, Dir - move target A gnoll comes into view.
It is wielding a +0 club.
As you read the scroll of blinking, it crumbles to dust.
The killer bee seems less confused.
The gnoll drinks a potion.
The gnoll suddenly seems more resistant.
As you read the scroll of teleportation, it crumbles to dust.
You feel strangely unstable. The acid dragon spits acid at you.
The splash of acid hits you!!
You die...

.##...S.#.....P
......>S†......
###............
#.....DF.....
###..°°.y....
.....[..... .
#........... ...
...........###.....
............@.......
...............
........P.....#
~~~.P...P.....#
~8~.P...P......
~~~.P...P......
....P...P .....
Pg..P...P .....


You could see a water moccasin, an acid dragon (catching breath), a bullfrog, a
killer bee and a gnoll (resistant).

Vanquished Creatures
  An unseen horror (D:6)
  A shadow (D:7)
  A steam dragon (D:7)
  Menkaure (D:4)
  3 ice beasts
  4 sky beasts
  4 ogres
  A centaur (D:5)
  A kobold brigand (D:6)
  3 bullfrogs
  A gnoll sergeant (D:6)
  A scorpion (D:6)
  5 killer bees
  2 jellies
  8 hounds
  An orc priest (D:5)
  3 iguanas (D:6)
  3 orc wizards
  7 gnolls
  5 adders
  A shadow imp (D:6)
  2 white imps
  3 ufetubi
  3 worms
  4 dart slugs
  19 orcs
  3 ball pythons
  A bat (D:3)
  12 endoplasms
  4 giant cockroaches
  3 goblins
  3 hobgoblins
  3 jackals (D:3)
  3 quokkas
  6 frilled lizards
  6 kobolds
  6 rats
138 creatures vanquished.

Vanquished Creatures (others)
  5 plants (D:6)
5 creatures vanquished.

Grand Total: 143 creatures vanquished

Notes
Turn   | Place    | Note
-------+----------+-------------------------------------------
     0 | D:1      | sizableburger the Mummy Earth Elementalist began the quest
                  | for the Orb.
     0 | D:1      | Reached XP level 1. HP: 13/13 MP: 4/4
    98 | D:1      | Reached skill level 3 in Spellcasting
   233 | D:1      | Reached XP level 2. HP: 19/19 MP: 4/6
   302 | D:1      | Found a faded altar of an unknown god.
   902 | D:2      | Gained mutation: You are in touch with the powers of death.
                  | [Mummy growth]
   902 | D:2      | Reached XP level 3. HP: 22/24 MP: 4/8
   906 | D:2      | Learned a level 3 spell: Stone Arrow
  1847 | D:3      | Reached skill level 4 in Spellcasting
  2183 | D:3      | Reached XP level 4. HP: 30/30 MP: 8/10
  2382 | D:3      | Found a radiant altar of Vehumet.
  2445 | D:3      | Became a worshipper of Vehumet
  3036 | D:4      | Identified the +1 mace "Ucwys" {chaos, rElec Will+}
  3051 | D:4      | Reached skill level 1 in Axes
  3094 | D:4      | Noticed Menkaure
  3198 | D:4      | Found a staircase to the Ecumenical Temple.
  3220 | D:4      | Reached XP level 5. HP: 32/35 MP: 11/11
  3273 | D:4      | Found an ornate altar of the Wu Jian Council.
  3515 | D:5      | Entered Level 5 of the Dungeon
  3947 | D:5      | Reached skill level 1 in Conjurations
  3995 | D:5      | Noticed a centaur
  4004 | D:5      | Reached XP level 6. HP: 35/41 MP: 9/12
  4309 | D:5      | Noticed a sky beast
  4315 | D:5      | Killed a sky beast
  4366 | D:5      | Identified the ring of Goengih {rPois Dex+5}
  4387 | D:5      | Reached * piety under Vehumet
  4387 | D:5      | Offered knowledge of Shock by Vehumet.
  4401 | D:5      | Reached XP level 7. HP: 46/46 MP: 10/13
  4577 | D:5      | Found a hazy altar of Hepliaklqana.
  4717 | D:5      | Identified the +5 arbalest of Nanku Bura {penet, *Slow rN+
                  | Int+3}
  4914 | D:6      | Learned a level 1 spell: Shock
  5083 | D:6      | Reached skill level 1 in Air Magic
  5167 | D:6      | Reached skill level 5 in Spellcasting
  5429 | D:6      | Learned a level 3 spell: Swiftness
  5433 | D:6      | Learned a level 3 spell: Mephitic Cloud
  5488 | D:6      | Reached XP level 8. HP: 52/52 MP: 12/16
  5599 | D:6      | Reached skill level 6 in Spellcasting
  5599 | D:6      | Reached skill level 1 in Poison Magic
  5716 | D:6      | Found Duessamo's General Store.
  6001 | D:4      | Killed Menkaure
  6054 | D:4      | Learned a level 3 spell: Ignite Poison
  6379 | D:6      | Reached skill level 1 in Transmutations
  6469 | D:6      | Identified the +0 pair of boots "Dythroso" {Will+}
  6539 | D:6      | Killed an unseen horror
  6540 | D:6      | Reached skill level 7 in Spellcasting
  6540 | D:6      | Reached skill level 1 in Fire Magic
  7077 | D:6      | Reached XP level 9. HP: 57/57 MP: 11/20
  7113 | D:6      | Offered knowledge of Magic Dart by Vehumet.
  7286 | D:6      | Reached ** piety under Vehumet
  7554 | D:7      | Learned a level 2 spell: Poisonous Vapours
  7600 | D:7      | Reached skill level 8 in Spellcasting
  7849 | D:6      | Learned a level 5 spell: Lightning Bolt
  8240 | D:8      | Killed from afar by an acid dragon

Illustrated notes

Levels and vault maps discovered:
D:1:      dpeg_arrival_rhombi, layout_rooms, basic_ecumenical_altar,
          chequers_serial_rivers_micro_c
D:2:      layout_basic
D:3:      layout_loops_ring, good_gods_temple_1, lemuel_tele_altar,
          grunt_ministairs_6
D:4:      layout_loops_ring, mainiacjoe_overflow_small_starburst,
          minmay_temple_entry_mist, uniq_menkaure
D:5:      layout_basic, mainiacjoe_overflow_paths
D:6:      wad_crossroads, layout_basic, nicolae_stop_n_shop_1,
          grunt_decor_clamped, minmay_misc_feat_more_columns,
          serial_bayou_pond_b, kb_rosetta
D:7:      layout_cave_pools, dk_noncrumbling_3
D:8:      layout_cave_pools, nicolae_overflow_crystal_walls, serial_park,
          serial_park_paths [serial_park_minivault_5x5_7], serial_park_tiny_1,
          serial_park_square1 [serial_park_minivault_5x5_2], serial_park_square3
          [serial_park_minivault_5x5_8], minmay_misc_feat_rows

Skill      XL: |  1  2  3  4  5  6  7  8  9 |
---------------+----------------------------+-----
Spellcasting   | 3 4 5 7 8 |  8.7
Earth Magic    | 3 4 |  4.0
Axes           | 1 2 3 |  3.9
Conjurations   | 1 2 3 4 |  4.2
Air Magic      | 2 3 4 |  4.6
Poison Magic   | 3 |  3.1
Transmutations | 2 |  2.2
Fire Magic     | 1 2 |  2.0
Dodging        | |  1.5
Stealth        | |  1.5

Action                   |  1- 3 |  4- 6 |  7- 9 || total
-------------------------+-------+-------+-------++-------
Melee: Hand axe          |    39 |       |       ||    39
       War axe           |     4 |    21 |    11 ||    36
       Staff             |       |       |    13 ||    13
Throw: Dart              |     7 |       |       ||     7
 Cast: Sandblast         |    62 |    71 |   127 ||   260
       Shock             |       |       |     8 ||     8
       Stone Arrow       |       |       |     5 ||     5
       Mephitic Cloud    |       |       |    13 ||    13
       Ignite Poison     |       |       |    10 ||    10
  Use: Scroll            |       |     6 |     7 ||    13
 Stab: Sleeping          |     1 |     2 |     1 ||     4
Armor: Robe              |    23 |    48 |     7 ||    78
       Leather armour    |       |       |    59 ||    59
       Steam dragon scal |       |       |    22 ||    22
Dodge: Dodged            |    49 |    45 |    63 ||   157
